 Dungeon Crawl Stone Soup version 0.25.0-9-g26727b657a (webtiles) character file.

Game seed: 5618984420951552805

85 protoss039 the Digger (level 4, -4/24 HPs)
             Began as a Deep Elf Earth Elementalist on June 20, 2020.
             Slain by a goblin
             ... wielding a +0 club
             ... led by Robin
              (7 damage)
             ... on level 2 of the Dungeon.
             The game lasted 00:04:03 (1645 turns).

protoss039 the Digger (Deep Elf Earth Elementalist) Turns: 1645, Time: 00:04:03

Health: -4/24      AC:  2    Str:  5    XL:     4   Next: 25%
Magic:  0/11       EV: 13    Int: 21    God:
Gold:   115        SH:  0    Dex: 15    Spells: 9/10 levels left

rFire    . . .     SeeInvis .   a - +0 short sword
rCold    . . .     Gourm    .   (no shield)
rNeg     . . .     Faith    .   c - +0 robe
rPois    .         Spirit   .   (no helmet)
rElec    .         Reflect  .   (no cloak)
rCorr    .         Harm     .   (no gloves)
MR       .....                  (no boots)
Stlth    ++........             (no amulet)
HPRegen  0.08/turn              (no ring)
MPRegen  0.12/turn              (no ring)

@: no status effects
A: no striking features
a: no special abilities


You were on level 2 of the Dungeon.
You were very hungry.

You visited 1 branch of the dungeon, and saw 2 of its levels.

You collected 115 gold pieces.

Inventory:

Hand Weapons
 a - a +0 short sword (weapon)
Missiles
 b - 44 stones (quivered)
Armour
 c - a +0 robe (worn)
Jewellery
 k - an uncursed amulet of magic regeneration {unknown}
Scrolls
 f - 2 scrolls of blinking {unknown}
 g - a scroll of identify {unknown}
 h - a scroll of amnesia {unknown}
 i - a scroll of teleportation {unknown}
 r - 3 scrolls of magic mapping {unknown}
Potions
 e - 2 potions of berserk rage {unknown}
 j - a potion of cancellation {unknown}
 l - a potion of resistance {unknown}
 m - a potion of stabbing {unknown}
 n - 3 potions of curing {unknown}
 o - a potion of flight {unknown}
 p - a potion of lignification {unknown}
 q - a potion of magic {unknown}
Comestibles
 d - 4 rations


   Skills:
 + Level 0.5 Fighting
 + Level 1.0 Short Blades
 - Level 2.4 Dodging
 + Level 3.2 Stealth
 + Level 3.6 Spellcasting
   Level 1.1 Transmutations
 * Level 4.6 Earth Magic


You had 9 spell levels left.
You knew the following spells:

 Your Spells              Type           Power        Failure   Level  Hunger
a - Sandblast             Erth           ###...       1%          1    None

Your spell library contained the following spells:

 Spells                   Type           Power        Failure   Level  Hunger
 Passwall                 Tmut/Erth      ###.....     6%          2    ##.....
 Stone Arrow              Conj/Erth      ##....       14%         3    ###....
 Petrify                  Tmut/Erth      ###.....     36%         4    ####...
 Lee's Rapid Deconstruct  Erth           ###.......   45%         5    ######.


Dungeon Overview and Level Annotations

Branches:
Dungeon (2/15)

Altars:
Uskayaw

Annotations:
D:2 Robin


Message History

Aim: Robin, wielding a +0 club, wearing a +0 animal skin, wearing a +0 helmet and carrying a wand of digging (1) (fast)
The blast of sand hits Robin!
Robin is severely wounded.
b - 44 stones Robin throws the goblin at you!
The goblin unwields a +0 hunting sling.
The goblin wields a +0 club.
The goblin barely misses you.
You hit Robin but do no damage.
Robin is heavily wounded.
Robin hits you with a +0 club. The goblin closely misses you.
Casting: Sandblast (safe; 1% risk of failure)
Confirm with . or Enter, or press ? or * to list all spells.
You don't have enough magic to cast that spell.
Robin closely misses you. The goblin hits you with a +0 club!
* * * LOW HITPOINT WARNING * * *
The hobgoblin shouts!
Robin's bangles clink loudly.
Robin throws the goblin at you!
* * * LOW HITPOINT WARNING * * *
The goblin hits you with a +0 club!
You die...

#...##.....##..#...... ..
#...####.## #..#.##... ..
#......#.# #..##..g.....
#######.#.####..#......
..........#(.)()......g
#######.###..#g##.).gg.
#...g.....# ....g
##.##g.#..# #+##.#
#.#@#.#..# #.# #
##g##.#..# #.# # #.#
#.#..###.#### #
#####.####.#.........# #
#.................##.# #
#.........###+######.####
#................###.#...
########.........#.......
#..<......#.#.#.##


You could see Robin (fast), a hobgoblin (strong) and a goblin (strong).

Vanquished Creatures
  Jessica (D:2)
  2 adders (D:2)
  A dart slug (D:1)
  A leopard gecko (D:1)
  A giant cockroach (D:1)
  14 goblins
  3 hobgoblins
  3 bats (D:1)
  2 frilled lizards (D:1)
  6 kobolds
  3 rats (D:1)
37 creatures vanquished.

Notes
Turn   | Place    | Note
-------+----------+-------------------------------------------
     0 | D:1      | protoss039 the Deep Elf Earth Elementalist began the quest
                  | for the Orb.
     0 | D:1      | Reached XP level 1. HP: 10/10 MP: 6/6
   318 | D:1      | Reached XP level 2. HP: 15/15 MP: 8/8
   762 | D:1      | Reached skill level 4 in Earth Magic
  1338 | D:2      | Noticed Jessica
  1340 | D:2      | Killed Jessica
  1340 | D:2      | Reached XP level 3. HP: 20/20 MP: 7/9
  1363 | D:2      | Found a hide-covered altar of Uskayaw.
  1543 | D:2      | Reached skill level 1 in Short Blades
  1543 | D:2      | Reached XP level 4. HP: 24/24 MP: 5/11
  1621 | D:2      | Noticed Robin
  1645 | D:2      | Slain by a goblin

Illustrated notes

Levels and vault maps discovered:
D:1:      evilmike_arrival_plus, layout_loops_ring, kennysheep_small_spiral,
          minmay_hedge_maze
D:2:      layout_basic, eat_drink_and_be_merry_uskayaw, first_ration,
          grunt_decor_mini_mirrors, corexii_hall_statues_l,
          minmay_misc_feat_enclosed, uniq_terence, uniq_robin, uniq_jessica

Skill      XL: |  1  2  3 |
---------------+----------+-----
Earth Magic    | 4 |  4.6
Stealth        | 3 |  3.2
Short Blades   | 1 |  1.0
Fighting       | |  0.5
Dodging        | |  2.4
Spellcasting   | |  3.6
Transmutations | |  1.1

Action                   |  1- 3 |  4- 6 || total
-------------------------+-------+-------++-------
Melee: Short sword       |    58 |     2 ||    60
       Unarmed           |     4 |       ||     4
 Cast: Sandblast         |    14 |    14 ||    28
 Stab: Sleeping          |     6 |       ||     6
  Eat: Chunk             |     1 |       ||     1
Armor: Robe              |    20 |       ||    20
Dodge: Dodged            |    57 |     6 ||    63
